[Event "XIII Figueira da Foz Open 2019"]
[Site "Figueira da Foz"]
[Date "2019.10.30"]
[Round "4.15"]
[White "Puglia, Francesco"]
[Black "Goncalves, Lucas Jordao"]
[Result "0-1"]
[ECO "C52"]
[WhiteElo "1916"]
[BlackElo "1447"]
[Annotator "NA RC"]
[PlyCount "99"]
[EventDate "2019.10.27"]
[EventType "swiss"]
[EventCountry "POR"]
[SourceTitle "playchess.com"]
[Source "ChessBase"]
[SourceQuality "1"]
[TimeControl "40/5400+30:1800+30"]

1. e4 e5 2. Nf3 Nc6 3. Bc4 Bc5 4. b4 Bxb4 5. c3 Ba5 6. d4 exd4 7. Qb3 {C52: Evans Gambit Accepted: 5 c3 Ba5} Qe7 (7... Qf6 8. O-O d3 9. e5 Qg6 10. Ba3 Nge7 11. Rd1 O-O 12. Bxd3 Qh6 13. Nbd2 d5 14. exd6 cxd6 15. Ne4 d5 16. Bc1 Qg6 {0-1 (59) Short,N (2698)-Kasparov,G (2812) Leuven 2011}) 8. O-O Nf6 9. Ba3 d6 10. cxd4 Nxe4 $146 ({Predecessor:} 10... Bb6 11. Qd3 O-O 12. e5 Ne8 13. Nbd2 a5 14. Rae1 Qd8 {1-0 (37) Stopa,J (2474)-Bartholomew,J (2451) Mesa 2010}) 11. d5 Ne5 12. Nxe5 Qxe5 13. Qa4+ Bd7 14. Qxa5 Qxa1 15. Nd2 Qd4 16. Nxe4 Qxc4 17. Bxd6 O-O-O 18. Bf4 Bf5 19. Nc5 b6 20. Qxa7 Qxc5 21. Rc1 Bc2 22. Qa6+ Kb8 23. d6 cxd6 24. Be3 Qc6 25. Bxb6 Rd7 26. Qa5 Rb7 27. Be3 Rc8 28. Bf4 Be4 29. Re1 Qd5 30. Qa4 g5 31. Bg3 f5 32. f3 Qc6 33. Qa3 f4 34. Bf2 Bd5 35. Qa5 Re8 36. Rd1 Qb5 37. Qa3 Qb4 38. Qa6 Re6 39. Qd3 Qc4 40. Qf5 Rf7 41. Qxg5 Rb7 42. h4 Bxf3 43. Qd8+ Qc8 44. Qxc8+ Kxc8 45. gxf3 Kd7 46. a3 Rb3 47. Ra1 Rxf3 48. a4 Re2 49. Bb6 Rh3 $19 (49... Rg3+ $142 50. Kf1 Rh2) 50. a5 0-1

[Event "XIII Figueira da Foz Open 2019"]
[Site "Figueira da Foz"]
[Date "2019.10.30"]
[Round "4.16"]
[White "Silva, Mariana Sofia T."]
[Black "Dong, Rafael"]
[Result "1-0"]
[ECO "A05"]
[WhiteElo "1880"]
[BlackElo "1486"]
[Annotator "NA RC"]
[PlyCount "102"]
[EventDate "2019.10.27"]
[EventType "swiss"]
[EventCountry "POR"]
[SourceTitle "playchess.com"]
[Source "ChessBase"]
[SourceQuality "1"]
[TimeControl "40/5400+30:1800+30"]

1. Nf3 Nf6 2. g3 d5 3. Bg2 c6 4. b3 Bf5 5. Bb2 e6 6. O-O Be7 7. d3 O-O 8. Nbd2 h6 9. Qe1 Qc7 {[%emt 0:07:33] A07: Réti Opening: New York and Capablanca Systems} (9... a5 10. a3 Bh7 11. e4 c5 12. Ne5 Nc6 13. Nxc6 bxc6 14. f4 a4 15. Kh1 Re8 16. Qe2 Qb6 17. Rae1 Nd7 18. g4 Bf8 19. g5 hxg5 20. fxg5 axb3 21. cxb3 {1-0 (33) Li,C (2720)-Mareco,S (2664) chess.com INT 2017}) 10. e4 Bh7 11. Qe2 c5 $146 ({Predecessor:} 11... a5 12. a3 b5 13. Kh1 Nfd7 14. Nd4 Re8 15. f4 Na6 16. Rae1 Rab8 17. Qg4 Nf6 18. Qh3 dxe4 19. Nxe4 Bxe4 20. dxe4 {1-0 (30) Fominykh,M (2308)-Solovjova,V (2298) Moscow 2006}) 12. Ne5 Nc6 13. Nxc6 bxc6 14. Rae1 Rfe8 15. Kh1 a5 16. a4 Rad8 17. f4 Kh8 18. Bf3 Kg8 19. Qg2 Nd7 20. Bg4 f5 21. exf5 exf5 22. Bh5 g6 23. Bf3 Bf6 24. Bxf6 Nxf6 25. Qf2 Qd6 26. h3 Kg7 27. Bg2 Nd7 28. Nf3 Bg8 29. Qd2 Qc7 30. Rxe8 Rxe8 31. Re1 Be6 32. Re2 Kf7 33. Qe1 Qb6 34. Qc3 Qb4 35. Qxb4 axb4 36. Kg1 c4 37. dxc4 dxc4 38. Nd4 Bd5 39. Rxe8 Kxe8 40. Nxc6 cxb3 41. cxb3 Bxb3 42. a5 Bc4 43. Nxb4 Nc5 44. Kf2 Kd7 45. Ke3 Kd6 46. Kd4 Bb5 47. Bd5 g5 48. Nc2 gxf4 49. gxf4 Nd3 50. Na3 Ba6 51. Bc4 Nb4 $18 1-0

[Event "XIII Figueira da Foz Open 2019"]
[Site "Figueira da Foz"]
[Date "2019.10.30"]
[Round "4.17"]
[White "Barrento, Jorge Maria Lopes"]
[Black "Dong, Fabio"]
[Result "1-0"]
[ECO "D00"]
[WhiteElo "1739"]
[BlackElo "1410"]
[Annotator "NA RC"]
[PlyCount "49"]
[EventDate "2019.10.27"]
[EventType "swiss"]
[EventCountry "POR"]
[SourceTitle "playchess.com"]
[Source "ChessBase"]
[SourceQuality "1"]
[TimeControl "40/5400+30:1800+30"]

1. d4 d5 2. Nc3 c6 3. Bf4 Nf6 4. e3 Bf5 5. f3 h5 6. Bd3 Bxd3 7. Qxd3 e6 8. Nge2 Bd6 9. Bg5 Nbd7 10. e4 dxe4 11. fxe4 e5 12. O-O-O exd4 13. Nxd4 Ne5 14. Qf1 Ned7 15. Nf5 Bf8 16. e5 g6 17. Bxf6 Qb6 18. Bxh8 gxf5 19. Rxd7 Kxd7 20. Qxf5+ Ke8 21. Re1 Bh6+ 22. Kb1 Bd2 23. e6 Bxe1 24. Qxf7+ Kd8 25. Qd7# 1-0

[Event "XIII Figueira da Foz Open 2019"]
[Site "Figueira da Foz"]
[Date "2019.10.30"]
[Round "4.18"]
[White "Gama, Joao Goncalo Cerejei"]
[Black "Fonseca, Rene Gil Bakker"]
[Result "1-0"]
[ECO "C05"]
[WhiteElo "1712"]
[BlackElo "1338"]
[Annotator "NA RC"]
[PlyCount "39"]
[EventDate "2019.10.27"]
[EventType "swiss"]
[EventCountry "POR"]
[SourceTitle "playchess.com"]
[Source "ChessBase"]
[SourceQuality "1"]
[TimeControl "40/5400+30:1800+30"]

1. e4 e6 2. d4 d5 3. Nd2 Nf6 4. e5 Nfd7 5. Bd3 c5 6. c3 Nc6 7. Ne2 f6 8. f4 cxd4 9. cxd4 fxe5 10. fxe5 Qh4+ 11. g3 Qh5 12. O-O Be7 13. Nf3 O-O 14. Nf4 Qg4 15. Kg2 Bh4 16. Nxh4 Qxd1 17. Rxd1 Nb6 18. Nf3 Bd7 19. Ng5 Nxd4 20. Bxh7+ 1-0

[Event "XIII Figueira da Foz Open 2019"]
[Site "Figueira da Foz"]
[Date "2019.10.31"]
[Round "5.7"]
[White "Martin Duque, Jesus"]
[Black "Gavasheli, Ana"]
[Result "1-0"]
[ECO "C41"]
[WhiteElo "2445"]
[BlackElo "2240"]
[Annotator "RC"]
[PlyCount "81"]
[EventDate "2019.10.27"]
[EventType "swiss"]
[EventCountry "POR"]
[SourceTitle "playchess.com"]
[Source "ChessBase"]
[SourceQuality "1"]
[TimeControl "40/5400+30:1800+30"]

1. e4 e5 2. Nf3 d6 3. Nc3 Nc6 4. d4 exd4 5. Nxd4 g6 6. Nxc6 bxc6 7. Bf4 Bg7 8. Qd2 Be6 9. O-O-O a5 10. Qe3 Nf6 11. Be2 Nd7 12. Bh6 Bxh6 13. Qxh6 Rb8 14. f4 Qe7 15. Bf3 Qf8 16. Qg5 Nc5 17. f5 f6 18. Qe3 Bd7 19. g4 Qe7 20. h4 gxf5 21. gxf5 Bxf5 22. Qh6 Bd7 23. Rhg1 Ne6 24. Qh5+ Kd8 25. Qxa5 Nc5 26. b4 Ne6 27. a3 Qf8 28. Bg4 Qh6+ 29. Kb2 Kc8 30. Qa6+ Rb7 31. Bxe6 Bxe6 32. Qa8+ Rb8 33. Qxc6 Rb6 34. Qa8+ Rb8 35. Qa6+ Kd7 36. Qa4+ Kc8 37. Nb5 Rd8 38. Nxd6+ Rxd6 39. Rxd6 cxd6 40. Qc6+ Kd8 41. Qxd6+ 1-0

[Event "XIII Figueira da Foz Open 2019"]
[Site "Figueira da Foz"]
[Date "2019.10.31"]
[Round "5.8"]
[White "Djuric, Stefan"]
[Black "Roettgen, Juergen"]
[Result "1-0"]
[ECO "A33"]
[WhiteElo "2356"]
[BlackElo "2157"]
[Annotator "RC"]
[PlyCount "56"]
[EventDate "2019.10.27"]
[EventType "swiss"]
[EventCountry "POR"]
[SourceTitle "playchess.com"]
[Source "ChessBase"]
[SourceQuality "1"]
[TimeControl "40/5400+30:1800+30"]

1. c4 Nf6 2. Nc3 c5 3. Nf3 Nc6 4. d4 cxd4 5. Nxd4 e6 6. g3 Bb4 7. Bg2 a6 8. O-O O-O 9. Na4 d5 10. cxd5 exd5 11. Be3 Be6 12. a3 Be7 13. Nxe6 fxe6 14. Bh3 Kf7 15. Rc1 d4 16. Bf4 Nd5 17. Bd2 Rc8 18. e4 Nc7 19. Bf4 Bd6 20. Bxd6 Qxd6 21. Nc5 Nd8 22. e5 Qxe5 23. Nd7 Qd6 24. Qf3+ Kg8 25. Qxf8+ Qxf8 26. Nxf8 Kxf8 27. Rfd1 Nc6 28. Bg2 Ke8 1-0

[Event "XIII Figueira da Foz Open 2019"]
[Site "Figueira da Foz"]
[Date "2019.10.31"]
[Round "5.14"]
[White "Tadevosyan, Aspet"]
[Black "Gama, Joao Goncalo Cerejei"]
[Result "1-0"]
[ECO "A25"]
[WhiteElo "1998"]
[BlackElo "1712"]
[Annotator "NA"]
[PlyCount "98"]
[EventDate "2019.10.27"]
[EventType "swiss"]
[EventCountry "POR"]
[SourceTitle "playchess.com"]
[Source "ChessBase"]
[SourceQuality "1"]
[TimeControl "40/5400+30:1800+30"]

1. c4 e5 2. g3 d6 3. Bg2 Nc6 4. Nc3 Be6 5. d3 g6 (5... Qd7 6. f4 g6 7. fxe5 dxe5 8. Be3 Rd8 9. Nf3 h6 10. O-O Bg7 11. Nd2 f5 12. Qa4 Nge7 13. Nb3 b6 {0-1 (47) Adly,A (2637)-Short,N (2678) Riadh 2017}) 6. Rb1 {[%emt 0:03:29] A25: English Opening vs King's Indian with ...Nc6 but without early d3} a5 7. a3 Nge7 8. b4 $146 ({Predecessor:} 8. Nd5 Bg7 9. e3 Qd7 10. b4 axb4 11. axb4 Bxd5 12. cxd5 Na7 13. Ne2 {1-0 (124) Lengyel,L-Gerusel,M Bad Pyrmont 1970}) 8... axb4 9. axb4 d5 10. b5 Na5 11. cxd5 Nxd5 12. Nxd5 Bxd5 13. e4 (13. Bxd5 $11 Qxd5 14. Nf3) 13... Be6 (13... Ba2 $5 14. Rb2 Be6 $15) 14. Nf3 Bg7 15. O-O O-O 16. Qc2 Qe7 17. Bd2 c5 18. b6 Nc6 19. Rfc1 Nb4 (19... Qd7 $11) 20. Bxb4 cxb4 21. Qc7 Qxc7 22. bxc7 b3 23. Ng5 Bd7 24. Rxb3 Bh6 25. f4 exf4 (25... Bxg5 $16 {was worth a try.} 26. fxg5 b5) 26. gxf4 f6 27. Nh3 g5 (27... b5 {was worth a try.} 28. e5 Rae8) 28. e5 Bxh3 $2 (28... gxf4 29. Bd5+ Kg7) 29. Bxh3 g4 30. Bxg4 Bxf4 31. c8=Q Raxc8 32. Rxc8 Rxc8 33. Bxc8 Bxe5 34. Rxb7 h6 35. Kg2 Kf8 36. h3 Ke8 37. Kh1 Kd8 38. Be6 Ke8 39. Kg1 Kf8 40. Kf1 Ke8 $18 41. Ke2 Kf8 42. Kd1 Ke8 43. Kc2 Kf8 44. Kb1 Ke8 45. Ka2 Kf8 46. Kb3 Ke8 47. Ka4 Kf8 48. Kb5 Ke8 49. Kc4 Kf8 1-0

[Event "XIII Figueira da Foz Open 2019"]
[Site "Figueira da Foz"]
[Date "2019.10.31"]
[Round "5.16"]
[White "Heeren, Arnoldo"]
[Black "Marcal, Armando Paulo Gomes"]
[Result "1-0"]
[ECO "A05"]
[WhiteElo "1929"]
[BlackElo "1706"]
[Annotator "NA RC"]
[PlyCount "64"]
[EventDate "2019.10.27"]
[EventType "swiss"]
[EventCountry "POR"]
[SourceTitle "playchess.com"]
[Source "ChessBase"]
[SourceQuality "1"]
[TimeControl "40/5400+30:1800+30"]

1. Nf3 Nf6 2. g3 g6 (2... d5 3. Bg2 g6 4. d4 Bg7 5. O-O O-O 6. c3 c6 7. Nbd2 Nbd7 8. Re1 Re8 9. e4 Nxe4 10. Nxe4 dxe4 11. Rxe4 Nf6 12. Re1 {½-½ (12) Sivuk,V (2551)-Vovk,Y (2565) Lvov 2018}) 3. Bg2 Bg7 4. d4 c6 5. O-O d5 6. Nc3 O-O 7. Re1 Nbd7 {[%emt 0:03:20] D02: 1 d4 d5 2 Nf3 sidelines, including 2...Nf6 3 g3 and 2...Nf6 3 Bf4} 8. e4 dxe4 9. Nxe4 Nxe4 10. Rxe4 Nf6 11. Re1 Bg4 12. c3 Re8 13. h3 Be6 14. g4 $146 ({Predecessor:} 14. Rxe6 fxe6 15. Qe2 Qd7 16. Bg5 Nd5 {1-0 (64) Gurvich,V (2326)-Smirnov,T (2296) Odintsovo 2017}) 14... Bd5 15. Bf4 Nd7 16. Qc2 b5 17. a4 bxa4 18. Qxa4 Nb6 19. Qc2 f6 (19... a5 $14) 20. b3 Qd7 (20... e5 $14 21. dxe5 fxe5) 21. Rad1 (21. c4 $16) 21... Qb7 22. c4 Bf7 23. Re2 a5 24. Bg3 a4 25. Nd2 e5 26. d5 cxd5 27. bxa4 Qc7 28. c5 Rxa4 29. Nb3 Rc4 30. Qd3 d4 (30... Na4 $11 31. Bxd5 Bxd5 32. Qxd5+ Qf7) 31. cxb6 Qxb6 32. Nd2 Rec8 $18 (32... Rc3 $14 33. Qb1 Qd8) 1-0

[Event "XIII Figueira da Foz Open 2019"]
[Site "Figueira da Foz"]
[Date "2019.10.31"]
[Round "5.17"]
[White "Morais, Mario Martins Freita"]
[Black "Babo, Miguel"]
[Result "1-0"]
[ECO "A45"]
[WhiteElo "1742"]
[BlackElo "1827"]
[Annotator "NA"]
[PlyCount "89"]
[EventDate "2019.10.27"]
[EventType "swiss"]
[EventCountry "POR"]
[SourceTitle "playchess.com"]
[Source "ChessBase"]
[SourceQuality "1"]
[TimeControl "40/5400+30:1800+30"]

1. d4 Nf6 2. Bf4 e6 3. Nc3 d5 4. Nb5 Bd6 (4... Na6 5. e3 Be7 6. Nf3 O-O 7. Bd3 c6 8. Nc3 Nb4 9. h3 Nxd3+ 10. cxd3 b6 11. O-O Bb7 {0-1 (40) Rapport,R (2731)-Giri,A (2783) Wijk aan Zee 2019}) 5. Nxd6+ cxd6 6. c3 {[%emt 0:00:24] D00: 1 d4 d5: Unusual lines} O-O 7. e3 Re8 8. Nf3 Nc6 9. Be2 Ne4 $146 ({Predecessor:} 9... h6 10. Bg3 Ne4 11. Nd2 Nxg3 12. hxg3 {½-½ (29) Jarecki,M (2165)-Geryk,M (2165) ICCF email 2016}) 10. O-O e5 11. Bg3 Nxg3 12. hxg3 Bg4 13. dxe5 dxe5 14. Qa4 Bxf3 ({Black should play} 14... e4 15. Bd1 Qf6) 15. gxf3 e4 16. Rad1 Qf6 17. Kg2 Rad8 18. Rh1 g6 19. f4 Kg7 20. g4 h6 {[%emt 0:02:19] [#]} 21. Rxh6 $1 Rh8 22. g5 Qe7 23. Rdh1 Rxh6 24. Rxh6 a6 25. Qd1 Rh8 26. Rxh8 Kxh8 27. Qxd5 Kg7 28. Bxa6 Qc7 29. Bb5 Qc8 30. Kg3 Ne7 31. Qd4+ Kg8 $18 32. Bd7 Qa8 33. Qxe4 Kf8 34. a4 Qb8 35. a5 Qc7 36. Bh3 Nc6 37. b4 Ne7 38. Qd4 Nc6 39. Qc5+ Kg8 40. Bg2 Qd7 41. Bxc6 bxc6 42. Qd4 Qb7 43. Qd8+ Kg7 44. Qb6 Qd7 45. Qd4+ 1-0

[Event "XIII Figueira da Foz Open 2019"]
[Site "Figueira da Foz"]
[Date "2019.10.31"]
[Round "5.19"]
[White "Dong, Fabio"]
[Black "Barros Gutierrez, Angel Luis"]
[Result "1-0"]
[ECO "A05"]
[WhiteElo "1410"]
[BlackElo "2038"]
[Annotator "NA"]
[PlyCount "124"]
[EventDate "2019.10.27"]
[EventType "swiss"]
[EventCountry "POR"]
[SourceTitle "playchess.com"]
[Source "ChessBase"]
[SourceQuality "1"]
[TimeControl "40/5400+30:1800+30"]

1. Nf3 Nf6 2. g3 g6 3. d4 Bg7 4. Bg2 d5 5. O-O Nbd7 (5... O-O 6. c4 c6 7. cxd5 cxd5 8. Ne5 Nc6 9. Nc3 e6 10. Nxc6 bxc6 11. Na4 Nd7 12. Bf4 Qa5 13. Rc1 Ba6 14. b3 Bb5 15. Re1 Bxa4 16. bxa4 Rfc8 17. e4 Qb4 18. Be3 Nb6 19. e5 Qxa4 20. Qb3 Qa6 {1-0 (53) Ding,L (2811)-Shankland,S (2705) chess.com INT 2019}) 6. c4 {[%emt 0:01:20] D02: 1 d4 d5 2 Nf3 sidelines, including 2...Nf6 3 g3 and 2...Nf6 3 Bf4} dxc4 7. Qc2 Nb6 8. Nbd2 O-O 9. Nxc4 Bf5 10. Qc3 Ne4 11. Qb3 $146 ({Predecessor:} 11. Qb4 Bxd4 12. Nxb6 c5 13. Qb3 Qxb6 14. Qxb6 axb6 15. Nxd4 cxd4 {1-0 (32) Bail,E (1676)-Leao,A (1868) Florianopolis 2017}) 11... Be6 12. Qd3 Nxc4 13. Qxe4 c6 14. Qd3 Qb6 15. b3 Nd6 16. Bb2 Bf5 17. Qd1 Rad8 18. e3 e5 19. Nxe5 Bxe5 20. dxe5 Nc4 21. Qc1 Rd2 22. Bd4 c5 23. Bxc5 $2 ({Not} 23. Qxc4 cxd4 24. exd4 Rxd4 $14) (23. bxc4 $18 Rc2 24. Qd1 cxd4 25. e4 (25. exd4 Rxc4 26. d5 Rfc8 $16) (25. Qxd4 Qxd4 26. exd4 Rxc4 $16) 25... Bxe4 26. Bxe4 Rxc4 27. Rb1) 23... Qxc5 24. Qxc4 Qxc4 25. bxc4 Be6 26. c5 a5 $2 (26... Rc8 $16) 27. Bxb7 f6 28. exf6 Rxf6 29. a4 Bd5 30. Bxd5+ Rxd5 31. Rac1 Rc6 32. Rc3 Rdxc5 33. Rxc5 Rxc5 34. Rd1 Rc4 35. Rd4 Rb4 36. Kg2 Kf7 37. Rxb4 axb4 38. a5 b3 39. a6 b2 40. a7 b1=Q 41. a8=Q h5 42. Qa7+ Ke6 43. Qa6+ Ke7 44. Qe2 Qb6 45. e4 Qd4 46. Qe3 Qd6 47. Qg5+ $18 Ke8 48. Qd5 Qb6 49. Qe5+ Kf7 50. Qd5+ Ke7 51. e5 g5 52. e6 g4 53. Qd7+ Kf6 54. Qf7+ Kg5 55. h4+ gxh3+ 56. Kxh3 Kh6 57. e7 Qc6 58. Kh2 h4 59. e8=Q hxg3+ 60. Kxg3 Qd6+ 61. Qf4+ Kh7 62. Qef7+ Kh8 1-0

[Event "XIII Figueira da Foz Open 2019"]
[Site "Figueira da Foz"]
[Date "2019.11.01"]
[Round "6.1"]
[White "Jakubowski, Krzysztof"]
[Black "Klekowski, Maciej"]
[Result "1/2-1/2"]
[ECO "E18"]
[WhiteElo "2494"]
[BlackElo "2481"]
[Annotator "ChessBase"]
[PlyCount "67"]
[EventDate "2019.10.27"]
[EventType "swiss"]
[EventCountry "POR"]
[SourceTitle "playchess.com"]
[Source "ChessBase"]
[SourceQuality "1"]
[TimeControl "40/5400+30:1800+30"]

1. d4 Nf6 2. Nf3 e6 3. g3 b6 4. Bg2 Bb7 5. c4 Be7 6. O-O O-O 7. Nc3 Ne4 8. Bd2 d5 9. cxd5 exd5 10. Qa4 Nd7 11. Rfd1 Nxc3 12. Bxc3 Bd6 13. Ne5 Nf6 14. Nc4 Re8 15. Nxd6 Qxd6 16. e3 a5 17. Rdc1 Bc8 18. Be1 Bd7 19. Qb3 Re7 20. a4 h5 21. Qa3 Qxa3 22. Rxa3 Ra7 23. h3 g5 24. b4 axb4 25. Bxb4 Re8 26. a5 bxa5 27. Rxa5 Rb7 28. Ra6 Kg7 29. Bc5 Ne4 30. Ra5 g4 31. h4 Bb5 32. Bxe4 dxe4 33. Rb1 Reb8 34. Ra7 1/2-1/2

[Event "XIII Figueira da Foz Open 2019"]
[Site "Figueira da Foz"]
[Date "2019.11.01"]
[Round "6.2"]
[White "Stella, Andrea"]
[Black "Maiorov, Nikita"]
[Result "1/2-1/2"]
[ECO "E33"]
[WhiteElo "2484"]
[BlackElo "2517"]
[Annotator "ChessBase"]
[PlyCount "65"]
[EventDate "2019.10.27"]
[EventType "swiss"]
[EventCountry "POR"]
[SourceTitle "playchess.com"]
[Source "ChessBase"]
[SourceQuality "1"]
[TimeControl "40/5400+30:1800+30"]

1. d4 Nf6 2. c4 e6 3. Nc3 Bb4 4. Qc2 Nc6 5. Nf3 d6 6. Bd2 O-O 7. a3 Bxc3 8. Bxc3 Re8 9. e3 a5 10. b3 e5 11. dxe5 dxe5 12. h3 b6 13. Be2 Qe7 14. O-O g6 15. b4 Bf5 16. Qb2 Ne4 17. b5 Nxc3 18. Qxc3 Nd8 19. c5 Nb7 20. c6 Nc5 21. Rfd1 Be4 22. Nd2 Rad8 23. Nb3 Nxb3 24. Qxb3 Bf5 25. Bg4 Bxg4 26. hxg4 Kg7 27. a4 h6 28. Rac1 Rh8 29. f3 Rhe8 30. Kf1 Rxd1+ 31. Rxd1 Rd8 32. Ke2 Rxd1 33. Qxd1 1/2-1/2

[Event "XIII Figueira da Foz Open 2019"]
[Site "Figueira da Foz"]
[Date "2019.11.01"]
[Round "6.3"]
[White "Martin Duque, Jesus"]
[Black "Clarke, Brandon G I"]
[Result "0-1"]
[ECO "C11"]
[WhiteElo "2445"]
[BlackElo "2445"]
[Annotator "NA"]
[PlyCount "70"]
[EventDate "2019.10.27"]
[EventType "swiss"]
[EventCountry "POR"]
[SourceTitle "playchess.com"]
[Source "ChessBase"]
[SourceQuality "1"]
[TimeControl "40/5400+30:1800+30"]

1. e4 e6 2. d4 d5 3. Nc3 Nf6 4. e5 Nfd7 5. Qg4 c5 $1 6. dxc5 Nxe5 7. Qg3 Nbc6 8. Bf4 Ng6 9. Bc7 Qd7 10. Bd6 Bxd6 11. cxd6 O-O 12. O-O-O Rd8 13. Nb5 $19 (13. h4 $17) 13... a6 14. Nc7 Rb8 15. c4 d4 16. c5 b6 17. h4 bxc5 18. h5 Nf8 19. h6 g6 20. Nf3 f6 21. Bc4 Na5 22. Bd3 Bb7 23. Qh4 Bxf3 24. gxf3 Qxd6 25. Nxa6 Rb7 26. Qxf6 c4 27. Be4 Rf7 28. Qg5 e5 29. Rhg1 Rdd7 30. Kb1 Ra7 31. Nb4 Qxb4 32. Bd5 c3 33. b3 Nxb3 34. Bxb3 Rxa2 35. Kxa2 Ne6 0-1

[Event "XIII Figueira da Foz Open 2019"]
[Site "Figueira da Foz"]
[Date "2019.11.01"]
[Round "6.5"]
[White "Romanishin, Oleg M"]
[Black "Gomez Dieguez, David"]
[Result "1-0"]
[ECO "A05"]
[WhiteElo "2441"]
[BlackElo "2336"]
[Annotator "NA"]
[PlyCount "115"]
[EventDate "2019.10.27"]
[EventType "swiss"]
[EventCountry "POR"]
[SourceTitle "playchess.com"]
[Source "ChessBase"]
[SourceQuality "1"]
[TimeControl "40/5400+30:1800+30"]

1. Nf3 Nf6 2. g3 c5 3. Bg2 Nc6 4. O-O g6 5. c3 Bg7 6. d4 cxd4 7. cxd4 d5 8. Ne5 Nxe5 9. dxe5 Ng4 10. Bxd5 Nxe5 11. Qb3 O-O 12. Rd1 Qa5 13. Nc3 $14 Bd7 14. Bf4 Bc6 15. Rd2 Qb6 16. Be3 Qxb3 17. Bxb3 e6 18. h3 b5 19. f4 Nc4 20. Bxc4 Bxc3 21. bxc3 bxc4 22. Rd6 Be4 23. Ra6 Rfb8 24. Rxa7 Rxa7 25. Bxa7 Ra8 26. Bc5 Bc2 27. a3 Bb3 28. g4 f6 29. Kf2 Kf7 30. Ke3 Rc8 31. Bd4 Ba4 32. g5 e5 33. fxe5 fxe5 34. Bxe5 Ke6 35. Bd4 Rf8 36. Rb1 Bb3 37. h4 Kd5 38. a4 Bxa4 39. Rb7 Re8+ 40. Kd2 Ke4 41. Rxh7 Kf5 42. Ra7 Bb3 43. Rg7 Re4 44. Bf2 Re8 45. Rd7 Ra8 46. Rd6 Ra2+ 47. Ke3 Rc2 48. Be1 Rc1 49. Kf2 Rd1 50. Rd4 Ke5 51. Bd2 Bc2 52. Bf4+ Kf5 53. Rxc4 Rh1 54. Bg3 Be4 55. Ke3 Rh3 56. Rxe4 Rxg3+ 57. Kd4 Rd3+ 58. Kc4 1-0

[Event "XIII Figueira da Foz Open 2019"]
[Site "Figueira da Foz"]
[Date "2019.11.01"]
[Round "6.6"]
[White "Spraggett, Kevin"]
[Black "Garcia Dorado, Alberto"]
[Result "1-0"]
[ECO "A06"]
[WhiteElo "2513"]
[BlackElo "2170"]
[Annotator "ChessBase"]
[PlyCount "74"]
[EventDate "2019.10.27"]
[EventType "swiss"]
[EventCountry "POR"]
[SourceTitle "playchess.com"]
[Source "ChessBase"]
[SourceQuality "1"]
[TimeControl "40/5400+30:1800+30"]

1. Nf3 d5 2. e3 e6 3. c4 Nf6 4. b3 b6 5. Bb2 Bd6 6. Nc3 a6 7. g3 Bb7 8. Bg2 O-O 9. O-O dxc4 10. bxc4 Nbd7 11. Qc2 Rb8 12. a4 Ne5 13. Nxe5 Bxe5 14. f3 Bd6 15. Rad1 Qe7 16. d3 Rfd8 17. Ba1 e5 18. Kh1 Ba8 19. Rfe1 Qe6 20. Rb1 h5 21. Qe2 Bc5 22. Rbd1 Rd7 23. h4 Bd6 24. Kh2 Rdd8 25. e4 Bc6 26. Bb2 Qe8 27. Ra1 Nd7 28. a5 bxa5 29. Rxa5 Bb4 30. Ra2 Nc5 31. Rd1 a5 32. Nd5 Ba4 33. Rda1 Bb3 34. Rxa5 Bxa5 35. Rxa5 Ne6 36. Bxe5 Rb7 37. Ne3 c6 1-0

[Event "XIII Figueira da Foz Open 2019"]
[Site "Figueira da Foz"]
[Date "2019.11.01"]
[Round "6.7"]
[White "Pintor, Simao Maciel Abranch"]
[Black "Barski, Radoslaw"]
[Result "0-1"]
[ECO "A06"]
[WhiteElo "2137"]
[BlackElo "2437"]
[Annotator "NA"]
[PlyCount "52"]
[EventDate "2019.10.27"]
[EventType "swiss"]
[EventCountry "POR"]
[SourceTitle "playchess.com"]
[Source "ChessBase"]
[SourceQuality "1"]
[TimeControl "40/5400+30:1800+30"]

1. Nf3 d5 2. g3 e6 3. Bg2 Nf6 4. b3 Be7 5. Bb2 O-O 6. O-O b6 7. c4 Bb7 8. cxd5 exd5 $11 9. d4 Nbd7 10. Nc3 a6 11. Rc1 Bd6 12. Ne1 Qe7 13. Nd3 Ne4 14. Nf4 Ndf6 15. e3 Rfe8 16. Nce2 a5 17. a4 Ba6 18. Nd3 Ng4 19. Nef4 Qg5 20. h4 Qf5 21. Bh3 Nef6 22. f3 Rxe3 23. fxg4 Rxg3+ 24. Kh2 Rxg4 25. Ne5 Bxf1 26. Qxf1 Qxf4+ 0-1

[Event "XIII Figueira da Foz Open 2019"]
[Site "Figueira da Foz"]
[Date "2019.11.01"]
[Round "6.8"]
[White "Tadevosyan, Aspet"]
[Black "Medarde Santiago, Luis Marcos"]
[Result "0-1"]
[ECO "A04"]
[WhiteElo "1998"]
[BlackElo "2285"]
[Annotator "NA"]
[PlyCount "54"]
[EventDate "2019.10.27"]
[EventType "swiss"]
[EventCountry "POR"]
[SourceTitle "playchess.com"]
[Source "ChessBase"]
[SourceQuality "1"]
[TimeControl "40/5400+30:1800+30"]

1. Nf3 c5 2. c4 g6 3. Nc3 Bg7 4. e3 Nf6 5. d4 cxd4 6. exd4 d5 7. Bg5 Ne4 8. cxd5 Nxg5 9. Nxg5 O-O $11 10. h4 Qb6 11. Qd2 Qxd4 12. Bd3 Nd7 13. O-O-O Ne5 14. f3 Bd7 15. Qc2 Rfc8 16. Kb1 Nxd3 17. Qxd3 Bf5 18. Nge4 Qb4 19. Rc1 Bxc3 20. Rxc3 Rxc3 21. Qxc3 Bxe4+ 22. fxe4 Qxe4+ 23. Ka1 Qxg2 24. Rd1 Qg4 25. Rf1 Rc8 26. Qb3 Qc4 27. Qd1 Rd8 0-1

[Event "XIII Figueira da Foz Open 2019"]
[Site "Figueira da Foz"]
[Date "2019.11.01"]
[Round "6.9"]
[White "Guerreiro, Nuno"]
[Black "Rey Malde, Henrique"]
[Result "0-1"]
[ECO "E62"]
[WhiteElo "2069"]
[BlackElo "2209"]
[Annotator "NA"]
[PlyCount "55"]
[EventDate "2019.10.27"]
[EventType "swiss"]
[EventCountry "POR"]
[SourceTitle "playchess.com"]
[Source "ChessBase"]
[SourceQuality "1"]
[TimeControl "40/5400+30:1800+30"]

1. Nf3 d6 2. d4 Nf6 3. g3 g6 4. Bg2 Bg7 5. O-O O-O 6. c4 c6 7. Nc3 Bf5 8. Nd2 Qd7 9. Re1 d5 10. e3 Na6 11. a3 Rad8 $11 12. Qa4 Rfe8 13. b4 Bd3 14. cxd5 cxd5 15. Qb3 Bf5 16. b5 Nc7 17. a4 e5 18. dxe5 Ng4 19. e4 dxe4 20. Ndxe4 Bxe5 21. Bg5 Be6 22. Qc2 f6 23. Nc5 Qd4 24. Rxe5 Qxe5 25. Nxb7 fxg5 26. Nxd8 Rxd8 27. Rc1 Nf6 28. Ne2 0-1